 Dungeon Crawl Stone Soup version 0.18-b1-14-g029dad2 (webtiles) character file.

81 Nekros the Sneak (level 4, -9/21 HPs)
             Began as a Spriggan Enchanter on Apr 30, 2016.
             Was an Initiate of Nemelex Xobeh.
             Killed by divine providence
             ... invoked by an orc priest
              (12 damage)
             ... on level 3 of the Dungeon.
             The game lasted 00:38:50 (1948 turns).

Nekros the Sneak (Spriggan Enchanter)               Turns: 1948, Time: 00:38:50

Health: -9/21      AC:  1    Str:  4    XL:     4   Next: 19%
Magic:  2/9        EV: 18    Int: 16    God:    Nemelex Xobeh [......]
Gold:   65         SH:  0    Dex: 17    Spells: 2 memorised, 3 levels left

rFire  + . .     SeeInvis +     a - +2 dagger
rCold  . . .     Gourm    .     k - -1 robe (curse)
rNeg   . . .     Faith    .     (shield restricted)
rPois  .         Spirit   .     (helmet restricted)
rElec  .         Dismiss  .     (no cloak)
rCorr  +         Reflect  .     (gloves unavailable)
SustAt .         Harm     .     (boots unavailable)
MR     .....                    (no amulet)
Stlth  ++++......               w - ring of resist corrosion
                                p - ring of protection from fire

@: very quick, not resistant to hostile enchantments, stealthy
A: unfitting armour, see invisible, herbivore 3, speed 3, slow metabolism 2
a: Renounce Religion


You were on level 3 of the Dungeon.
You worshipped Nemelex Xobeh.
Nemelex Xobeh was noncommittal.
You were not hungry.

You visited 1 branch of the dungeon, and saw 3 of its levels.

You collected 65 gold pieces.

Inventory:

Hand Weapons
 a - a +2 dagger (weapon)
 t - a +0 blowgun
Missiles
 e - 17 bolts
 i - 36 stones (quivered)
 m - 53 arrows
 o - 4 curare-tipped needles
 u - a poisoned needle
Armour
 b - a +2 robe
 f - a +0 robe
 k - a cursed -1 robe (worn)
 q - a +0 robe
 r - a +0 robe
Jewellery
 j - an uncursed amulet of the gourmand
 p - a ring of protection from fire (left hand)
 w - a ring of resist corrosion (right hand)
Scrolls
 l - a scroll of enchant weapon
Potions
 g - a potion of might {unknown}
 h - 2 potions of lignification {unknown}
 x - a potion of mutation {unknown}
 z - 2 potions of agility {unknown}
Books
 c - a book of Maledictions

   Spells                             Type                      Level
   a - Corona                         Hexes                        1
   b - Ensorcelled Hibernation        Hexes/Ice                    2
   c - Confuse                        Hexes                        3
   d - Tukima's Dance                 Hexes                        3
   e - Dazzling Spray                 Conjuration/Hexes            3
Miscellaneous
 v - a plain deck of war {drawn: 1}
Comestibles
 d - 3 bread rations
 n - 4 fruits
 s - a slice of pizza


   Skills:
 - Level 1.1 Short Blades
 - Level 3.0 Dodging
 * Level 7.8 Stealth
 - Level 2.6 Spellcasting
 - Level 3.6 Hexes


You had 3 spell levels left.
You knew the following spells:

 Your Spells              Type           Power        Failure   Level  Hunger
b - Ensorcelled Hibernat  Hex/Ice        #.....       17%         2    ##.....
c - Confuse               Hex            ##......     14%         3    ###....


Dungeon Overview and Level Annotations

Branches:
Dungeon (3/15)

Altars:
Ashenzari
Nemelex Xobeh
Okawaru
Ru
Yredelemnul


Innate Abilities, Weirdness & Mutations

You are tiny and cannot use many weapons and most armour.
You have supernaturally acute eyesight.
You are a herbivore.
You cover ground extremely quickly.
You need consume almost no food.


Message History

Confirm with . or Enter, or press ? or * to list all spells.
Aiming: Ensorcelled Hibernation
Press: ? - help, Shift-Dir - straight line, f/p - orc priest
Aim: an orc priest, wearing a leather armour (lightly wounded, confused, chance to defeat MR: 38%)
The orc priest resists with some effort.
You hit the orc priest but do no damage.
The orc priest is lightly wounded.
The orc wizard completely misses you.
You hit the orc wizard but do no damage.
The orc wizard closely misses you.
You hit the orc wizard but do no damage.
The orc priest seems less confused.
The orc wizard gestures at you while chanting.
The magic dart hits you!
* * * LOW HITPOINT WARNING * * *
The orc priest mumbles some strange prayers to Beogh against you.
Beogh smites you!
Ouch! That really hurt!
You die...
Your body disappears without a glow.

#.. #..#.......##
#..##..#.#.# ..# ####.#
#..........# ..# #....#
#..#...<...# #.###....#
#..#.....#.# #.##.....#
#........#.# ##.##.....#
##..o.[†.#.###.........#
###..(o...).#...#.....#
#.(.@...#...........#
######.#.#.#######..≈.≈..#
#......#...........≈.≈.≈..
#......#.#####.###.#...#.#
#......#.# #.#.≈.#..
#......### #.#...#.#
#......# #.#.≈.#..
#...o..#####.. ..#...#)#
#.....(....... .g#.≈.#.#


You could see an orc priest and an orc wizard.

Vanquished Creatures
  An adder (D:3)
  An ooze (D:1)
  2 worms (D:2)
  3 dart slugs
  2 orcs (D:3)
  6 bats
  4 giant cockroaches
  9 goblins
  5 hobgoblins
  6 kobolds
  2 quokkas (D:2)
  2 ball pythons
  4 giant newts
  6 rats
53 creatures vanquished.

Notes
Turn   | Place    | Note
--------------------------------------------------------------
     0 | D:1      | Nekros the Spriggan Enchanter began the quest for the Orb.
     0 | D:1      | Reached XP level 1. HP: 9/9 MP: 5/5
   155 | D:1      | Reached skill level 5 in Stealth
   212 | D:1      | Reached XP level 2. HP: 13/13 MP: 6/6
   216 | D:1      | Learned a level 2 spell: Ensorcelled Hibernation
   518 | D:1      | Reached skill level 6 in Stealth
   695 | D:2      | Found a shattered altar of Ashenzari.
   696 | D:2      | Found a basalt altar of Yredelemnul.
   740 | D:2      | Found a sparkling altar of Nemelex Xobeh.
   748 | D:2      | Became a worshipper of Nemelex Xobeh the Trickster
   844 | D:2      | Reached XP level 3. HP: 16/16 MP: 2/8
   856 | D:2      | Received a gift from Nemelex Xobeh
   984 | D:2      | Learned a level 3 spell: Confuse
  1186 | D:2      | Found an iron altar of Okawaru.
  1190 | D:2      | Reached skill level 7 in Stealth
  1568 | D:3      | Reached XP level 4. HP: 18/21 MP: 9/9
  1849 | D:3      | Found a sacrificial altar of Ru.
  1948 | D:3      | Killed from afar by an orc priest

Skill      XL: |  1  2  3 |
---------------+----------+-----
Stealth        | 5 6 7 |  7.8
Short Blades   | |  1.1
Dodging        | |  3.0
Spellcasting   | |  2.6
Hexes          | |  3.6

Action                   |  1- 3 |  4- 6 || total
-------------------------+-------+-------++-------
Melee: Dagger            |    87 |    23 ||   110
 Fire: Blowgun           |       |     7 ||     7
Throw: Stone             |    15 |       ||    15
 Cast: Ensorcelled Hiber |    13 |     5 ||    18
       Confuse           |     3 |     3 ||     6
Evoke: Deck              |     1 |       ||     1
  Use: Scroll            |     7 |     1 ||     8
 Stab: Sleeping          |    27 |     6 ||    33
       Confused          |     2 |       ||     2
  Eat: Fruit             |       |     1 ||     1
Armor: Robe              |    15 |     1 ||    16
Dodge: Dodged            |    90 |    26 ||   116
